Map: Pylon LE

Players

ManlyManMeat - Winner!

  • Race: Protoss Protoss
  • League: Master
  • Spawn Location: 11:00

toppka

  • Race: Terran Terran
  • League: Platinum
  • Spawn Location: 5:00

VOD

Have the link to the VOD?

Description

Time

  • Played on: June 14, 2025, 12:17 p.m.
  • Length: 7:33
Show
View Real Time Build Order
Export as new Build Order

ManlyManMeat Protoss - Winner!

Build Orders:  

Get SALT Encoding   

  12  0:00  Probe  
  13  0:14  Probe  
  13  0:19  Pylon  
  14  0:27  Probe  
  15  0:38  Gateway  
  15  0:41  Probe, Assimilator  
  15  0:49  Probe  
  17  0:59  Probe  
  18  1:14  Gateway  
  17  1:25  Cybernetics Core  
  17  1:27  Zealot  
  19  1:35  Pylon  
  19  1:37  Probe  
  20  1:55  Warp Gate  
  20  2:10  Nexus  
  20  2:22  Twilight Council  
  20  2:38  Zealot  
  20  2:39  Zealot  
  24  2:44  Probe  
  24  2:48  Charge  
  25  2:56  Probe  
  26  3:15  Robotics Facility  
  26  3:16  Probe  
  26  3:19  Zealot  
  29  3:21  Probe  
  29  3:24  Pylon  
  30  3:28  Probe  
  30  3:29  Probe  
  30  3:30  Zealot  
  34  3:46  Forge  
  34  3:51  Probe x2  
  36  3:59  Protoss Ground Weapons Level 1  
  36  4:02  Gateway  
  36  4:03  Probe  
  37  4:10  Warp Prism  
  37  4:13  Probe  
  40  4:24  Probe  
  41  4:36  Zealot x2  
  45  4:58  Immortal  
  49  5:03  Zealot x2  
  53  5:12  Pylon  
  53  5:13  Pylon  
  53  5:15  Gateway  
  53  5:30  Probe x2  
  55  5:38  Pylon  
  55  5:42  Probe x2, Zealot x3  
  57  6:02  Zealot x3  
  55  6:17  Probe x2  
  57  6:22  Photon Cannon  
  57  6:24  Photon Cannon  
  57  6:26  Shield Battery, Zealot x3  
  57  6:29  Probe  
Show
View Real Time Build Order
Export as new Build Order

toppka Terran 

Build Orders:  

Get SALT Encoding   

  12  0:00  SCV  
  13  0:12  SCV  
  14  0:24  Supply Depot  
  14  0:25  SCV  
  15  0:34  Refinery  
  15  0:45  SCV  
  15  0:47  Barracks  
  16  0:57  Refinery, SCV  
  16  1:25  SCV  
  17  1:36  Command Center  
  17  1:40  SCV  
  18  1:47  Barracks Reactor  
  18  1:55  Bunker  
  18  1:58  SCV  
  19  2:10  SCV  
  20  2:23  Orbital Command  
  20  2:25  Supply Depot  
  20  2:26  Marine  
  20  2:36  Marine  
  21  2:55  Marine x2  
  23  3:05  Supply Depot  
  23  3:16  Orbital Command  
  23  3:21  Marine x2  
  23  3:24  SCV  
  26  3:27  Engineering Bay  
  26  3:36  Factory  
  26  3:39  Marine x2  
  28  3:43  SCV x2  
  30  3:55  Missile Turret, SCV x2  
  32  4:07  SCV  
  32  4:08  SCV  
  34  4:18  Terran Infantry Weapons Level 1  
  34  4:19  SCV  
  34  4:20  SCV  
  36  4:24  Missile Turret, Factory Tech Lab  
  36  4:30  Starport  
  36  4:31  SCV  
  36  4:32  SCV  
  36  4:36  Barracks  
  38  4:43  Siege Tank  
  38  4:44  SCV  
  42  4:47  SCV  
  43  4:56  SCV  
  45  5:00  SCV  
  45  5:07  Supply Depot  
  45  5:08  SCV  
  45  5:12  Starport Reactor  
  46  5:15  Siege Tank  
  46  5:20  SCV  
  50  5:23  Barracks Tech Lab  
  50  5:29  Supply Depot, SCV  
  51  5:36  Engineering Bay  
  51  5:39  Armory  
  51  5:41  SCV  
  52  5:47  Siege Tank  
  55  5:52  Supply Depot  
  49  5:59  Marine  
  49  6:00  Marine x2  
  32  6:15  Supply Depot  
  32  6:17  Marine x3  
  11  6:35  Marine x2  
Tags
 
Matchup
PvT
Replay Pack
Multiplayer
Spawn Locations
Cross Positions
Add a new tag
Caveats
  • Supply blocks, unpowered buildings, or Contaminate may cause inaccurate times.
  • Supply counts are checked every 10 seconds.